 Dungeon Crawl Stone Soup version 0.32-a0-872-g59262bdc9b (webtiles) character file.

Game seed: 17523265249593387875

31 Autsider the Shield-Bearer (level 3, 36/36 HPs)
             Began as a Troll Fighter on Mar 30, 2024.
             Quit the game on level 2 of the Dungeon.
             The game lasted 00:02:24 (919 turns).

Autsider the Shield-Bearer (Troll Fighter)           Turns: 919, Time: 00:02:24

Health: 36/36      AC:  4    Str: 26    XL:     3   Next: 7%
Magic:  2/2        EV:  8    Int:  4    God:
Gold:   6          SH:  7    Dex:  9    Spells: 2/2 levels left

rFire   . .          .
                       - Unarmed
rCold   . . .        b - +0 kite shield
rNeg    . . .        a - +0 robe
rPois   .            (helmet restricted)
rElec   .            (no cloak)
rCorr   .            (gloves unavailable)
SInv    .            (boots unavailable)
Will    .....        (no amulet)
Stlth   +            (no ring)
HPRegen 1.06/turn    (no ring)
MPRegen 0.08/turn

%: no passive effects
@: no status effects
A: large, unfitting armour, claws 3, regeneration 1, shaggy fur 1, tough skin 1
a: no special abilities


You were on level 2 of the Dungeon.
You visited 1 branch of the dungeon, and saw 2 of its levels.

You collected 6 gold pieces.

Inventory:

Missiles
 h - 6 silver javelins (quivered)
Armour
 a - a +0 robe (worn)
 b - a +0 kite shield (worn)
Jewellery
 i - a ring of see invisible
Scrolls
 d - a scroll of teleportation {unknown}
 e - a scroll of identify {unknown}
 g - a scroll of enchant armour {unknown}
Potions
 c - a potion of might
 f - a potion of haste {unknown}
 j - a potion of invisibility {unknown}


   Skills:
 + Level 2.7 Fighting
 - Level 2.4 Dodging
 + Level 3.0 Shields
 * Level 2.9 Unarmed Combat


You had 2 spell levels left.
You didn't know any spells.
Your spell library was empty.

Dungeon Overview and Level Annotations

Branches:
Dungeon (2/15)

Altars:


Innate Abilities, Weirdness & Mutations

You are too large for most types of armour.
You have claws for hands.
Your natural rate of healing is unusually fast.
You are covered in fur. (AC +1)
You have tough skin. (AC +1)


Message History

There is an open door here.
There is a stone staircase leading down here.
You climb downwards.
The ball python hisses angrily.
Found a dark potion.
There is a stone staircase leading up here.
A ball python is nearby!
You claw the ball python!
You kill the ball python!
No target in view!
No target in view!
No target in view!
No target in view!
No target in view!
No target in view!
There is a stone staircase leading up here.
j - a dark potion
Found a stone staircase leading down.
There is a stone staircase leading down here.
A hobgoblin comes into view.
A hobgoblin is nearby!
A hobgoblin is nearby!
A bat comes into view.
The hobgoblin shouts!
The bat moves out of view.
No target in view!
No target in view!
No target in view!
No target in view!
No target in view!
No target in view!
No target in view!
No target in view!
No target in view!
No target in view!
Your library has no spells.
Unknown command.
Unknown command.
Unknown command.
Are you sure you want to abandon this character and quit the game? (Confirm with "yes".)

### ### #.. ..#
#.######.# #.#..#.#.#
#.#....#.#
#.##.#.#.#######..
######.#...>...........
#.........#.###@.####..
#...........#..........
#...........#.##.####..
#........####. .#
###........... ..
.............. ...
.##.......#### ..#
.#........# ..#
.#..........


There were no monsters in sight!

Vanquished Creatures
  A dart slug (D:1)
  4 ball pythons
  2 bats (D:1)
  An endoplasm (D:1)
  2 giant cockroaches (D:1)
  4 hobgoblins (D:1)
  5 jackals (D:1)
  2 kobolds (D:1)
  2 quokkas (D:1)
  A frilled lizard (D:1)
  A rat (D:1)
25 creatures vanquished.

Notes
Turn   | Place    | Note
-------+----------+-------------------------------------------
     0 | D:1      | Autsider the Troll Fighter began the quest for the Orb.
     0 | D:1      | Reached XP level 1. HP: 22/22 MP: 0/0
    44 | D:1      | Reached XP level 2. HP: 28/29 MP: 1/1
   350 | D:1      | Reached skill level 3 in Shields
   677 | D:1      | Reached XP level 3. HP: 36/36 MP: 2/2
   919 | D:2      | Quit the game

Illustrated notes

Levels and vault maps discovered:
D:1:      dpeg_arrival_prison, layout_loops_corners
D:2:      layout_basic, uniq_robin

Skill      XL: |  1  2 |
---------------+-------+-----
Shields        | 3 |  3.0
Fighting       | |  2.7
Dodging        | |  2.4
Unarmed Combat | |  2.9

Action                     || total
---------------------------++-------
  Melee: Unarmed           ||    57
 Armour: Robe              ||    36
  Dodge: Dodged            ||    17
  Block: Kite shield       ||    30

Table legend: (Time is in decaauts)
 A = Elapsed time spent in this place.
 B = Non-inter-level travel time spent in this place.
 C = Inter-level travel time spent in this place.
 D = Time resting spent in this place.
 E = Time spent auto-exploring this place.
 F = Levels seen in this place.
 G = Mean time per level.
                   A        B        C        D        E       F      G
               +--------+--------+--------+--------+--------+-----+--------+
         Total |    923 |    866 |     57 |      0 |    725 |   2 |  461.5 |
       Dungeon |    923 |    866 |     57 |      0 |    725 |   2 |  461.5 |
               +--------+--------+--------+--------+--------+-----+--------+

Top non-repeatable levels by time:
     D:1: 897 daAuts
     D:2: 25 daAuts
